 Dungeon Crawl Stone Soup version 0.28-a0-1382-g92835e5c71 (webtiles) character file.

Game seed: 12823728723716809230

90 Woods the Magician (level 4, 0/31 HPs)
             Began as a Djinni Fire Elementalist on Jan 1, 2022.
             Slain by Terence (3 damage)
             ... on level 3 of the Dungeon.
             The game lasted 00:03:27 (2691 turns).

Woods the Magician (Djinni Fire Elementalist)       Turns: 2691, Time: 00:03:27

Health: 0/31       AC:  2    Str:  7    XL:     4   Next: 85%
Gold:   60         EV: 13    Int: 18    God:
                   SH:  0    Dex: 14

rFire   + + .      SeeInvis .   (no weapon)
rCold   x . .      Faith    .   (no shield)
rNeg    . . .      Spirit   .   a - +0 robe
rPois   ∞          Reflect  .   (no helmet)
rElec   .          Harm     .   (no cloak)
rCorr   .          Rampage  .   (no gloves)
Will    .....                   (boots unavailable)
Stlth   ++........              (no amulet)
HPRegen 0.10/turn               (no ring)
MPRegen 0.00/turn               (no ring)

@: flying
A: sickness immunity, fire resistance 2, cold vulnerability 1, float, innate
caster, hp casting, extra vitality 1
a: no special abilities


You were on level 3 of the Dungeon.
You visited 1 branch of the dungeon, and saw 3 of its levels.

You collected 60 gold pieces.

Inventory:

Armour
 a - a +0 robe (worn)
Jewellery
 i - a +6 ring of intelligence
Scrolls
 b - 6 scrolls of identify {unknown}
 c - a scroll of fear {unknown}
 d - a scroll of immolation
 e - 2 scrolls of blinking {unknown}
 f - a scroll of amnesia {unknown}
 g - a scroll of fog {unknown}
Potions
 h - a potion of might {unknown}


   Skills:
 - Level 3.1 Dodging
 - Level 2.4 Stealth
 + Level 3.3 Spellcasting


You couldn't memorise any spells.
You knew the following spells:

 Your Spells              Type           Power      Damage    Failure   Level
a - Foxfire               Conj/Fire      56%        2x1d6     4%          1
b - Scorch                Fire           28%        2d6       6%          2
c - Conjure Flame         Conj/Fire      14%        6-21      12%         3
d - Inner Flame           Hex/Fire       14%        N/A       12%         3
e - Flame Wave            Conj/Fire      14%        2d5       38%         4
f - Slow                  Hex            56%        N/A       4%          1
Your spell library was empty.

Dungeon Overview and Level Annotations

Branches:
Dungeon (3/15)

Altars:
Gozag

Annotations:
D:3 Terence


Innate Abilities, Weirdness & Mutations

You are immune to sickness and miasma.
You are immune to poison.
Your flesh is very heat resistant. (rF++)
You are vulnerable to cold. (rC-)
You float through the air rather than walking.
You learn spells naturally, not from books.
Your magical power is your life essence.
You have superior vitality. (+4 MHP)


Message History

Flames lash Terence.
Terence is lightly wounded.
Terence's fire resistance burns away.
Terence closely misses you.
Casting: Scorch (safe; 6% risk of failure)
Confirm with . or Enter, or press ? or * to list all spells.
Flames lash Terence.
Terence is burned terribly!
Terence is moderately wounded.
Terence misses you.
Casting: Scorch (safe; 6% risk of failure)
Confirm with . or Enter, or press ? or * to list all spells.
You miscast Scorch.
You are very lightly contaminated with residual magic.
Nothing appears to happen.
Terence is no longer more vulnerable to fire.
Terence hits you with a +1 hand axe of venom.
Casting: Scorch (safe; 6% risk of failure)
Confirm with . or Enter, or press ? or * to list all spells.
Flames lash Terence.
Terence is heavily wounded.
Terence's fire resistance burns away.
Terence closely misses you.
Terence is no longer more vulnerable to fire.
Terence says, "Don't bother to defend, it's senseless."
Your magical contamination has completely faded away.
Press: ? - help, v - describe, . - travel
Here: Terence, wielding a +1 hand axe of venom and wearing a +0 scale mail (heavily wounded)
The floor.
Found a fuming golden potion.
Found a plate armour.
You see here a +0 plate armour.
Found a book of Burglary.
Terence hits you with a +1 hand axe of venom!
* * * LOW HITPOINT WARNING * * *
Terence says, "Rest in peace."
As you read the scroll labelled LEVAELUTAR, it crumbles to dust.
The creatures around you are filled with an inner flame!
It was a scroll of immolation.
Terence hits you with a +1 hand axe of venom.
* * * LOW HITPOINT WARNING * * *
Terence hits you with a +1 hand axe of venom.
You die...

.......# #.# .##.#### #.#
.##...## #.# #.# .......#
#.# #.# #####.<###.####
#.# ..............## #.#
#####........#.## #.##
..........##.## #..#####
###........###@###......##
#........# ##@##....[..##
#....#.#####.##..#####..##
#.#..##.###..#..## ##..#
#.#..###.#.#....# #..##
..!............+ #...#
###.####.##.#..# #...#
#.##.#..## ##...#
#.##.....#####....#


You could see Terence (inner flame).

Vanquished Creatures
  4 adders
  3 dart slugs
  12 ball pythons
  3 endoplasms
  A giant cockroach (D:1)
  4 goblins
  5 hobgoblins
  6 kobolds
  A quokka (D:2)
  3 bats
  A frilled lizard (D:2)
  4 rats
47 creatures vanquished.

Vanquished Creatures (others)
  90 foxfires
90 creatures vanquished.

Grand Total: 137 creatures vanquished

Notes
Turn   | Place    | Note
-------+----------+-------------------------------------------
     0 | D:1      | Woods the Djinni Fire Elementalist began the quest for the
                  | Orb.
     0 | D:1      | Reached XP level 1. HP: 15/15 MP: 0/0
   206 | D:1      | Reached XP level 2. HP: 13/21 MP: 0/0
   711 | D:1      | Reached XP level 3. HP: 23/25 MP: 0/0
   711 | D:1      | Learned a level 1 spell: Slow
  1555 | D:2      | Reached XP level 4. HP: 29/31 MP: 0/0
  1785 | D:2      | Found an opulent altar of Gozag.
  2633 | D:3      | Noticed Terence
  2691 | D:3      | Slain by Terence

Illustrated notes

Levels and vault maps discovered:
D:1:      nicolae_arrival_memento_mori, layout_loops_ring
D:2:      layout_basic, basic_altar, serial_bayou_pond_b, minmay_misc_feat_cross
D:3:      layout_loops_ring, kennysheep_jessica_study, uniq_terence,
          uniq_crazy_yiuf_cottage

Skill      XL: |  1  2  3  4 |
---------------+-------------+-----
Stealth        | 2 |  2.4
Dodging        | 3 |  3.1
Spellcasting   | 3 |  3.3

Action                   |  1- 3 |  4- 6 || total
-------------------------+-------+-------++-------
Melee: Unarmed           |     7 |       ||     7
 Cast: Foxfire           |    45 |     8 ||    53
       Scorch            |     8 |    22 ||    30
  Use: Scroll            |       |     1 ||     1
Armor: Robe              |     5 |     1 ||     6
Dodge: Dodged            |     6 |     3 ||     9

Table legend: (Time is in decaauts)
 A = Elapsed time spent in this place.
 B = Non-inter-level travel time spent in this place.
 C = Inter-level travel time spent in this place.
 D = Time resting spent in this place.
 E = Time spent auto-exploring this place.
 F = Levels seen in this place.
 G = Mean time per level.
                   A        B        C        D        E       F      G
               +--------+--------+--------+--------+--------+-----+--------+
         Total |   2690 |   2641 |     49 |      0 |   2325 |   3 |  896.7 |
       Dungeon |   2690 |   2641 |     49 |      0 |   2325 |   3 |  896.7 |
               +--------+--------+--------+--------+--------+-----+--------+

Top non-repeatable levels by time:
     D:1: 1277 daAuts
     D:2: 1275 daAuts
     D:3: 137 daAuts
